 Dungeon Crawl Stone Soup version 0.22.0-75-g3901e79 (webtiles) character file.

163 Fang the Skirmisher (level 5, -12/51 HPs)
             Began as a Gargoyle Berserker on Sept 12, 2018.
             Was a Follower of Trog.
             Mangled by an ice beast (14 damage)
             ... on level 2 of the Dungeon.
             The game lasted 00:00:52 (1102 turns).

Fang the Skirmisher (Gargoyle Berserker)            Turns: 1102, Time: 00:00:52

Health: -12/51     AC:  6    Str: 26    XL:     5   Next: 44%
Magic:  5/5        EV: 12    Int:  8    God:    Trog [*.....]
Gold:   61         SH:  0    Dex:  9    Spells: 4/4 levels left

rFire    . . .     SeeInvis .   a - +0 hand axe
rCold    . . .     Gourm    .   (no shield)
rNeg     + . .     Faith    .   b - +0 animal skin
rPois    ∞         Spirit   .   (no helmet)
rElec    +         Reflect  .   (no cloak)
rCorr    .         Harm     .   (no gloves)
MR       .....                  (no boots)
Stlth    ..........             (no amulet)
HPRegen  0.17/turn              (no ring)
MPRegen  0.09/turn              (no ring)

@: berserking, very quick
A: negative energy resistance 1, electricity resistance, unbreathing,
petrification resistance, rot immunity, AC +4
a: Berserk, Renounce Religion


You were on level 2 of the Dungeon.
You worshipped Trog.
Trog was aware of your devotion.
You were not hungry.

You visited 1 branch of the dungeon, and saw 2 of its levels.

You collected 61 gold pieces.

Inventory:

Hand Weapons
 a - a +0 hand axe (weapon)
Armour
 b - a +0 animal skin (worn)
Scrolls
 d - 4 scrolls of remove curse {unknown}
 e - 3 scrolls of amnesia {unknown}
 g - a scroll of fog {unknown}
Potions
 f - a potion of haste {unknown}
 h - a potion of lignification {unknown}
 i - a potion of berserk rage {unknown}
 j - a potion of degeneration {unknown}
Comestibles
 c - a ration


   Skills:
 + Level 4.5 Fighting
 + Level 3.9 Axes
 + Level 2.6 Armour
 + Level 2.4 Dodging
 + Level 0.7 Stealth


You had 4 spell levels left.
You didn't know any spells.
Your spell library was empty.

Dungeon Overview and Level Annotations

Branches:
Dungeon (2/15)

Altars:


Innate Abilities, Weirdness & Mutations

You are resistant to torment.
Your stone body is resilient. (AC +4)
You are immune to poison.
You resist negative energy. (rN+)
You are resistant to electric shocks. (rElec)
You can survive without breathing.
You are immune to petrification.
You are immune to rotting.


Message History

A red film seems to cover your vision as you go berserk!
You feel yourself moving faster!
You feel mighty!
You feel quite a bit more hungry. The quokka closely misses you.
The ice beast hits you but does no damage.
The quokka misses you.
You slash the ice beast!
The ice beast is severely wounded.
You slash the quokka!
You kill the quokka!
Trog accepts your kill. The ice beast hits you.
* * * LOW HITPOINT WARNING * * *
The ice beast freezes you.
* * * LOW HITPOINT WARNING * * *
You barely miss the ice beast.
The ice beast is severely wounded.
The ice beast hits you.
* * * LOW HITPOINT WARNING * * *
The ice beast freezes you!
You die...

.#..........#
............#
#..........# #.
#..........# #.#
#..........# #.#
.........#.# #.######
#........# #......#
#.Y@.# #..[...# #.####
#......# #.#
#......###.# #
#####..........#####.#
)....................#
#####............#####
#............#
#.###........#


You could see an ice beast.

Vanquished Creatures
  Sigmund (D:2)
  4 bats (D:1)
  2 giant cockroaches
  2 goblins (D:1)
  3 hobgoblins (D:1)
  A quokka (D:2)
  A ball python (D:1)
  A frilled lizard (D:1)
  2 kobolds (D:1)
  3 rats (D:1)
20 creatures vanquished.

Notes
Turn   | Place    | Note
-------+----------+-------------------------------------------
     0 | D:1      | Fang the Gargoyle Berserker began the quest for the Orb.
     0 | D:1      | Reached XP level 1. HP: 14/14 MP: 1/1
   296 | D:1      | Reached XP level 2. HP: 18/19 MP: 2/2
   994 | D:2      | Noticed Sigmund
  1007 | D:2      | Killed Sigmund
  1007 | D:2      | Reached skill level 4 in Fighting
  1007 | D:2      | Reached XP level 3. HP: 24/24 MP: 3/3
  1007 | D:2      | Reached XP level 4. HP: 30/30 MP: 4/4
  1007 | D:2      | Reached XP level 5. HP: 34/34 MP: 5/5
  1089 | D:2      | Noticed an ice beast
  1102 | D:2      | HP: 2/51 [ice beast (3)]
  1102 | D:2      | Mangled by an ice beast

Skill      XL: |  1  2 |
---------------+-------+-----
Axes           | 3 |  3.9
Fighting       | 4 |  4.5
Dodging        | 2 |  2.4
Armour         | |  2.6
Stealth        | |  0.7

Action                   |  1- 3 |  4- 6 || total
-------------------------+-------+-------++-------
Melee: Hand axe          |    59 |    10 ||    69
Invok: Berserk           |     1 |     1 ||     2
 Stab: Sleeping          |       |     1 ||     1
  Eat: Ration            |       |     1 ||     1
Armor: Animal skin       |    22 |     7 ||    29
Dodge: Dodged            |    40 |    10 ||    50
